 Dungeon Crawl Stone Soup version 0.25-a0-294-gea9b1ad378 (webtiles) character file.

Game seed: 15842091936156933531, levelgen mode: deterministic

247 vishdafish the Chopper (level 6, 0/43 HPs)
             Began as an Octopode Fighter on Dec 17, 2019.
             Was an Initiate of Cheibriados.
             Slain by an elf zombie (4 damage)
             ... in an ossuary.
             The game lasted 00:04:16 (2786 turns).

vishdafish the Chopper (Octopode Fighter)           Turns: 2786, Time: 00:04:17

Health: 0/43       AC:  1    Str: 23    XL:     6   Next: 11%
Magic:  3/6        EV: 21    Int: 11    God:    Cheibriados [......]
Gold:   94         SH: 11    Dex: 18    Spells: 5/5 levels left

rFire    . . .     SeeInvis .   m - +2 hand axe (chop)
rCold    . . .     Gourm    .   b - +1 shield
rNeg     . . .     Faith    .   (helmet restricted)
rPois    .         Spirit   .   (no amulet)
rElec    .         Reflect  .   (no ring)
rCorr    .         Harm     .   k - +3 ring of evasion
MR       .....                  (no ring)
Stlth    ++++......             (no ring)
HPRegen  0.14/turn              (no ring)
MPRegen  0.10/turn              (no ring)
                                (no ring)
                                (no ring)

@: mighty, agile, flying, very slow
A: almost no armour, stealthy swim, amphibious, 8 rings, constrict 8, camouflage
1, gelatinous body 1
a: Bend Time, Renounce Religion


You were in an ossuary.
You worshipped Cheibriados.
Cheibriados was noncommittal.
You were very hungry.

You visited 2 branches of the dungeon, and saw 5 of its levels.
You also visited: Ossuary.

You collected 94 gold pieces.

Inventory:

Hand Weapons
 a - a +0 war axe
 m - a +2 hand axe of chopping (weapon)
Armour
 b - a +1 shield (worn)
Jewellery
 k - a +3 ring of evasion (right tentacle)
Scrolls
 e - 2 scrolls of teleportation
 g - a scroll of immolation
 h - a scroll of enchant armour
 j - 3 scrolls of identify
 p - a scroll of remove curse
Potions
 i - a potion of flight
 l - a potion of curing {unknown}
 n - a potion of resistance {unknown}
Comestibles
 d - 4 rations


   Skills:
 + Level 4.0 Fighting
 * Level 4.2 Axes
 + Level 3.9 Dodging
 + Level 3.9 Shields


You had 5 spell levels left.
You didn't know any spells.
Your spell library was empty.

Dungeon Overview and Level Annotations

Branches:
Dungeon (4/15)             Temple (1/1) D:4         Ossuary (1/1)

Altars:
Cheibriados
Gozag
Hepliaklqana
Kikubaaqudgha
Nemelex Xobeh
Okawaru
Vehumet


Innate Abilities, Weirdness & Mutations

You cannot wear most types of armour.
You are very stealthy in the water. (Stealth+)
You are amphibious.
You can wear up to eight rings at the same time.
You can use your tentacles to constrict eight enemies at once.
Your skin changes colour to match your surroundings (Stealth+).
Your rubbery body absorbs attacks. (AC +1, EV +1)


Message History

The jackal zombie bites you but does no damage.
The elf zombie hits you.
* * * LOW HITPOINT WARNING * * *
The orc zombie completely misses you. The flow of time bends around you.
The elf zombie resists with some effort.
Cheibriados rebukes the jackal zombie.
The jackal zombie seems to slow down.
Cheibriados rebukes the gnoll zombie.
The gnoll zombie seems to slow down.
The elf zombie resists with some effort.
Cheibriados rebukes the gnoll zombie.
The gnoll zombie seems to slow down.
The big kobold zombie resists with some effort.
Cheibriados rebukes the orc zombie.
The orc zombie seems to slow down.
You are feeling very hungry.
The big kobold zombie misses you. You block the gnoll zombie's attack.
The elf zombie closely misses you. The elf zombie hits you.
You die...

.................
.................
....Z..........#
...............##
.................
.................
........ZZZ......
.......ZZ@.......
.......∩ZZZ......
.........Z.......
.................
.................
...............##
...............#
................
...............


You could see a jackal zombie, 2 gnoll zombies, a kobold zombie (dormant), 2 big
kobold zombies, 2 orc zombies and 2 elf zombies.

Vanquished Creatures
  A human zombie (Ossuary)
  An iguana (D:4)
  A worker ant (D:4)
  A mummy (D:4)
  3 gnolls (D:4)
  A howler monkey skeleton (D:4)
  6 adders
  An ooze (D:2)
  2 worms (D:2)
  7 leopard geckos
  2 giant cockroaches (D:2)
  8 goblins
  5 hobgoblins
  3 jackals (D:2)
  4 kobolds
  A ball python (D:3)
  5 bats
  A hobgoblin zombie (Ossuary)
  5 rats
58 creatures vanquished.

Notes
Turn   | Place    | Note
-------+----------+-------------------------------------------
     0 | D:1      | vishdafish the Octopode Fighter began the quest for the
                  | Orb.
     0 | D:1      | Reached XP level 1. HP: 16/16 MP: 1/1
   143 | D:1      | Reached XP level 2. HP: 21/21 MP: 2/2
   928 | D:2      | Reached XP level 3. HP: 15/26 MP: 3/3
  1249 | D:2      | Reached XP level 4. HP: 31/31 MP: 4/4
  2212 | D:3      | Reached XP level 5. HP: 36/36 MP: 5/5
  2364 | D:4      | Found a staircase to the Ecumenical Temple.
  2387 | Temple   | Entered the Ecumenical Temple
  2485 | Temple   | Became a worshipper of Cheibriados the Contemplative
  2547 | D:4      | Noticed a phantom
  2766 | D:4      | Found a sand-covered staircase.
  2774 | Ossuary  | Entered an ossuary
  2782 | Ossuary  | Reached XP level 6. HP: 23/43 MP: 6/6
  2786 | Ossuary  | Slain by an elf zombie

Levels and vault maps discovered:
D:1:      evilmike_arrival_plus, layout_basic, minmay_misc_feat_pillars
D:2:      layout_loops_cross, first_ration
D:3:      layout_loops_ring
D:4:      layout_gridville, kennysheep_mini_moat, minmay_temple_entry_ruins,
          gup_ossuary_entry_pyramid
Temple:   nicolae_temple_figure_eight
Ossuary:  ossuary_minmay_tomb_2a

Skill      XL: |  1  2  3  4  5  6 |
---------------+-------------------+-----
Axes           | 3 4 |  4.2
Fighting       | 4 |  4.0
Dodging        | |  3.9
Shields        | |  3.9

Action                   |  1- 3 |  4- 6 || total
-------------------------+-------+-------++-------
Melee: War axe           |    42 |    28 ||    70
       Constrict         |    12 |    15 ||    27
       Tentacles         |     9 |     8 ||    17
       Hand axe          |       |    37 ||    37
Invok: Bend Time         |       |     1 ||     1
  Use: Scroll            |     5 |     3 ||     8
       Potion            |       |     3 ||     3
 Stab: Sleeping          |     6 |    10 ||    16
       Distracted        |     1 |     1 ||     2
  Eat: Chunk             |       |     5 ||     5
Armor: Skin              |     4 |     4 ||     8
Dodge: Dodged            |    15 |    40 ||    55
Block: Shield            |    13 |    38 ||    51

Table legend:
 A = Non-vault XP
 B = Vault XP
 C = Vault XP percentage of total XP
 D = Non-vault monster count
 E = Vault monster count
 F = Vault count percentage of total count
                 A         B        C        D         E       F
            +---------+---------+-------+---------+---------+-------
      Total |     293 |      61 |  17.2 |      55 |       3 |   5.2
            +---------+---------+-------+---------+---------+-------
        D:1 |      26 |       0 |   0.0 |      13 |       0 |   0.0
        D:2 |     109 |       0 |   0.0 |      23 |       0 |   0.0
        D:3 |      33 |       0 |   0.0 |      13 |       0 |   0.0
        D:4 |     125 |      18 |  12.6 |       6 |       1 |  14.3
    Ossuary |       0 |      43 | 100.0 |       0 |       2 | 100.0
            +---------+---------+-------+---------+---------+-------
